Map: Deathaura LE

Players

soul

  • Race: Terran Terran
  • Spawn Location: 5:00

Stats - Winner!

  • Race: Protoss Protoss
  • Spawn Location: 11:00

Event: StayAtHome Story Cup #3

VOD

Have the link to the VOD?

Description

Time

  • Played on: March 13, 2021, 9:06 a.m.
  • Length: 7:16

All games in this series

Show
View Real Time Build Order
Export as new Build Order

soul Terran 

Build Orders: Command Center First (CC) 

Get SALT Encoding   

  12  0:00  SCV  
  13  0:12  SCV  
  14  0:17  Supply Depot  
  14  0:25  SCV  
  15  0:38  SCV  
  16  0:50  SCV  
  17  0:59  Command Center  
  17  1:02  SCV  
  18  1:13  Barracks  
  18  1:17  SCV  
  19  1:26  Barracks  
  19  1:30  SCV  
  20  1:35  Refinery  
  20  1:41  Refinery  
  20  1:44  SCV  
  21  2:01  Marine  
  21  2:02  Orbital Command  
  22  2:13  Marine  
  23  2:19  Orbital Command, Marine  
  24  2:30  Factory  
  24  2:34  SCV  
  25  2:40  Bunker  
  25  2:45  Orbital Command  
  25  2:46  SCV  
  25  2:51  Barracks Reactor, Barracks Tech Lab  
  26  2:55  Supply Depot  
  26  2:58  SCV  
  27  3:10  SCV  
  27  3:12  SCV  
  29  3:13  Marine  
  29  3:14  Stimpack  
  30  3:23  SCV  
  30  3:24  SCV  
  32  3:28  Marine x2  
  32  3:31  Marine  
  35  3:35  SCV  
  35  3:36  SCV  
  35  3:40  Factory  
  36  3:42  Engineering Bay  
  36  3:47  SCV, Supply Depot  
  37  3:48  Marine  
  37  3:49  SCV  
  37  3:51  Marine  
  37  3:54  Marine  
  41  3:59  SCV  
  41  4:01  SCV  
  43  4:03  Supply Depot  
  43  4:06  Marine  
  44  4:11  SCV, Missile Turret  
  44  4:12  Terran Infantry Weapons Level 1  
  44  4:13  SCV  
  46  4:23  SCV  
  46  4:24  Factory Tech Lab  
  47  4:29  SCV, Command Center  
  48  4:33  Marine  
  48  4:35  SCV  
  48  4:37  Marine  
  48  4:38  Supply Depot  
  51  4:39  Marine  
  51  4:42  SCV  
  50  4:47  SCV, Missile Turret  
  50  4:51  Marine  
  44  4:54  SCV  
  44  4:57  Marine  
  44  4:59  SCV  
  43  5:04  Cyclone  
  43  5:05  Marine  
  43  5:06  SCV  
  48  5:08  Marine  
  48  5:12  Command Center  
  48  5:13  SCV  
  50  5:18  SCV  
  51  5:21  Starport  
  51  5:23  Marine  
  51  5:25  SCV  
  51  5:27  Marine  
  51  5:28  Marine  
  51  5:30  SCV  
  48  5:37  SCV  
  48  5:41  Marine  
  48  5:42  SCV  
  45  5:45  Marine  
  45  5:47  Marauder  
  45  5:49  Refinery  
  49  5:50  Refinery, SCV  
  49  5:51  Siege Tank  
  49  5:54  SCV  
  53  5:59  Starport Reactor, Marine  
  53  6:02  SCV  
  55  6:07  SCV  
  55  6:08  Marine  
  55  6:09  Barracks  
  57  6:14  SCV  
  57  6:16  Marine  
  57  6:17  Marine  
  60  6:19  SCV  
  61  6:26  SCV, Marine, Siege Tank  
  61  6:31  SCV  
  67  6:34  Marine x2  
  67  6:36  Bunker, Medivac  
  67  6:38  SCV  
  72  6:43  SCV  
  72  6:44  Marine  
  72  6:45  Supply Depot  
  71  6:50  SCV  
  71  6:52  Marauder, Marine  
  73  7:01  SCV  
  59  7:03  SCV  
Show
View Real Time Build Order
Export as new Build Order

Stats Protoss - Winner!

Build Orders: 1 Gate Expand, Zealot Archon, Archon Drop, Dark Templar Rush 

Get SALT Encoding   

  12  0:00  Probe  
  13  0:12  Probe  
  14  0:18  Pylon  
  14  0:24  Probe (Chrono Boost)  
  15  0:36  Probe (Chrono Boost), Gateway  
  16  0:45  Probe (Chrono Boost)  
  16  0:46  Assimilator  
  17  0:51  Probe  
  18  1:03  Probe  
  19  1:15  Probe  
  20  1:24  Cybernetics Core  
  20  1:32  Nexus  
  20  1:34  Probe  
  21  1:41  Pylon  
  21  1:46  Assimilator  
  21  1:49  Probe  
  22  2:01  Probe (Chrono Boost)  
  22  2:03  Warp Gate  
  22  2:05  Adept  
  25  2:13  Probe (Chrono Boost)  
  26  2:19  Probe (Chrono Boost)  
  27  2:23  Twilight Council  
  27  2:29  Probe  
  28  2:36  Adept  
  30  2:43  Probe (Chrono Boost)  
  32  2:44  Probe (Chrono Boost)  
  32  2:51  Robotics Facility  
  32  2:53  Probe x2 (Chrono Boost)  
  32  2:58  Probe x2 (Chrono Boost)  
  36  3:09  Probe  
  36  3:10  Probe  
  38  3:12  Gateway  
  38  3:16  Dark Shrine  
  38  3:20  Gateway  
  38  3:23  Probe (Chrono Boost)  
  38  3:24  Probe (Chrono Boost)  
  39  3:32  Assimilator  
  40  3:35  Probe (Chrono Boost)  
  40  3:38  Warp Prism (Chrono Boost)  
  40  3:40  Probe (Chrono Boost)  
  43  3:44  Probe (Chrono Boost), Pylon  
  43  3:47  Probe  
  45  3:54  Probe  
  46  4:02  Probe  
  47  4:06  Probe  
  48  4:11  Pylon  
  48  4:13  Nexus  
  48  4:20  Assimilator  
  48  4:21  Pylon  
  48  4:23  Probe x2  
  50  4:34  Dark Templar x2  
  50  4:35  Dark Templar  
  56  4:41  Blink (Chrono Boost)  
  56  4:42  Probe x2  
  54  4:57  Probe x2  
  54  5:00  Pylon  
  54  5:09  Probe x2  
  54  5:10  Dark Templar  
  54  5:11  Dark Templar  
  54  5:14  Archon  
  60  5:15  Archon  
  60  5:20  Gateway  
  60  5:21  Probe, Gateway  
  60  5:22  Probe  
  60  5:23  Gateway  
  60  5:24  Gateway  
  60  5:26  Probe  
  63  5:34  Probe  
  64  5:38  Warp Prism (Chrono Boost)  
  64  5:40  Probe x2  
  66  5:46  Probe  
  63  5:52  Probe, Stalker x3  
  63  5:53  Probe  
  63  5:55  Forge  
  63  5:56  Gateway  
  71  5:58  Probe  
  72  6:06  Probe x2  
  72  6:09  Pylon  
  72  6:10  Probe  
  72  6:11  Observer (Chrono Boost)  
  76  6:25  Observer (Chrono Boost), Stalker x5  
  84  6:26  Stalker  
  84  6:27  Stalker  
  91  6:34  Pylon  
  91  6:37  Pylon  
  91  7:00  Stalker x6  
  101  7:01  Stalker  
  101  7:04  Stalker  
Tags
 
Add a new tag
Caveats
  • Supply blocks, unpowered buildings, or Contaminate may cause inaccurate times.
  • Supply counts are checked every 10 seconds.